 Dungeon Crawl Stone Soup version 0.28-a0-124-g73ec313a74 (webtiles) character file.

Game seed: 7553962361816702880

55807 Ezendos the Grappler (level 14, -10/150 HPs)
             Began as a Troll Brigand on Aug 14, 2021.
             Was a High Priest of Elyvilon.
             Mangled by Snorg (25 damage)
             ... on level 11 of the Dungeon.
             The game lasted 00:46:14 (17808 turns).

Ezendos the Grappler (Troll Brigand)               Turns: 17808, Time: 00:46:15

Health: -10/150    AC:  6    Str: 22    XL:     14   Next: 39%
Magic:  16/18      EV: 10    Int:  7    God:    Elyvilon [*****.]
Gold:   640        SH: 17    Dex: 15    Spells: 13/13 levels left

rFire   . . .      SeeInvis +     - Unarmed
rCold   . . .      Faith    .   P - +0 tower shield
rNeg    . . .      Spirit   .   n - +0 robe {Will+}
rPois   .          Reflect  .   (helmet restricted)
rElec   .          Harm     .   p - +1 cloak
rCorr   .          Rampage  .   (gloves unavailable)
Will    ++...                   (boots unavailable)
Stlth   ++........              x - amulet of regeneration
HPRegen 2.35/turn               k - ring of see invisible
MPRegen 0.16/turn               e - +4 ring of slaying

@: studying Short Blades
A: large, unfitting armour, claws 3, regeneration 1, shaggy fur 1, tough skin 1
a: Renounce Religion, Lesser Healing, Heal Other, Purification, Greater Healing,
Divine Vigour, Divine Protection


You were on level 11 of the Dungeon.
You worshipped Elyvilon.
Elyvilon was extremely pleased with you.
You visited 4 branches of the dungeon, and saw 20 of its levels.

You collected 940 gold pieces.
You spent 300 gold pieces at shops.

Inventory:

Missiles
 d - 30 poisoned darts
 m - 2 boomerangs (quivered)
 o - a curare-tipped dart
 t - 7 silver javelins
 A - 7 large rocks
 B - 4 datura-tipped darts
 C - a throwing net
Armour
 n - a +0 robe of willpower (worn)
 p - a +1 cloak (worn)
 s - a +0 kite shield
 F - the +0 cloak of a treasure trove {rC+}
   (You found it on level 10 of the Dungeon)

   rC:        It protects you from cold.
 M - +0 acid dragon scales
 P - a +0 tower shield (worn)
Magical Staves
 l - a staff of poison
Jewellery
 c - a ring of poison resistance
 e - a +4 ring of slaying (right claw)
 k - a ring of see invisible (left claw)
 u - a ring of resist corrosion
 x - an amulet of regeneration (around neck)
 K - an amulet of reflection
 S - a +4 ring of slaying
 U - a ring of willpower
 V - a ring of protection from fire
 W - a ring of positive energy
Wands
 h - a wand of charming (13)
 j - a wand of iceblast (19)
 y - a wand of acid (18)
 G - a wand of flame (47)
 N - a wand of digging (6)
 O - a wand of polymorph (13)
Scrolls
 a - 6 scrolls of teleportation
 b - a scroll of silence
 g - 2 scrolls of immolation
 q - a scroll of fog
 D - a scroll of enchant armour {unknown}
 H - a scroll of amnesia
 I - a scroll of vulnerability {unknown}
Potions
 f - 4 potions of curing
 i - 2 potions of lignification
 r - 2 potions of mutation
 v - 3 potions of heal wounds
 w - a potion of cancellation
 z - 2 potions of haste
 E - a potion of berserk rage {unknown}
 L - a potion of ambrosia
 R - 3 potions of attraction
 T - a potion of might
 Y - 2 potions of flight
Miscellaneous
 Q - a condenser vane
 X - a lightning rod (4/4)
 Z - a box of beasts


   Skills:
 * Level 12.5 Fighting
 - Level 1.5 Short Blades
 + Level 2.8 Throwing
 + Level 4.5 Armour
 + Level 6.3 Dodging
 - Level 2.1 Stealth
 + Level 9.1 Shields
 + Level 12.9 Unarmed Combat
 + Level 6.7 Invocations


You had 13 spell levels left.
You didn't know any spells.
Your spell library contained the following spells:

 Spells                   Type           Power      Damage    Failure   Level
 Slow                     Hex            0%         N/A       94%         2
 Confusing Touch          Hex            0%         N/A       99%         3
 Frozen Ramparts          Ice            0%         1d2       99%         3
 Vampiric Draining        Necr           0%         2d6       99%         3
 Ice Form                 Ice/Tmut       0%         N/A       100%        4
 Passage of Golubria      Tloc           N/A        N/A       100%        4
 Summon Ice Beast         Ice/Summ       0%         N/A       100%        4
 Summon Lightning Spire   Summ/Air       0%         N/A       100%        4
 Freezing Cloud           Conj/Ice/Air   0%         6-21      100%        5
 Silence                  Hex/Air        0%         N/A       100%        5
 Simulacrum               Ice/Necr       0%         N/A       100%        6
 Storm Form               Tmut/Air       0%         N/A       100%        7
 Lehudib's Crystal Spear  Conj/Erth      0%         10d2      100%        8
 Maxwell's Capacitive Co  Air            0%         ∞         100%        8
 Polar Vortex             Ice            0%         N/A       100%        9


Dungeon Overview and Level Annotations

Branches:
Dungeon (12/15)            Temple (1/1) D:6            Lair (6/6) D:9
 Shoals (0/4) Lair:2        Snake (0/4) Lair:3        Slime (1/5) Lair:5
    Orc: D:9-12

Altars:
Ashenzari
Cheibriados
Dithmenos
Elyvilon
Fedhas
Gozag
Hepliaklqana
Kikubaaqudgha
Makhleb
Nemelex Xobeh
Okawaru
Qazlal
Ru
Sif Muna
Trog
Uskayaw
Vehumet
Wu Jian
Xom
Yredelemnul
Zin
The Shining One

Shops:
D:1 [   D:4 [   D:5 *   D:11 =

Annotations:
D:9 exclusion: door
D:11 exclusions: 3 doors, ugly thing and 12 more exclusions, Snorg
Lair:2 3 runed translucent doors, Xenophilius's ghost, journeyman VSIE


Innate Abilities, Weirdness & Mutations

You are too large for most types of armour.
You have claws for hands.
Your natural rate of healing is unusually fast.
You are covered in fur. (AC +1)
You have tough skin. (AC +1)


Message History

There is a stone staircase leading up here.
You mangle Snorg!!
Snorg is moderately wounded.
You block Snorg's attack. Snorg barely misses you.
Snorg claws you but does no damage.
You scratch Snorg.
Snorg is moderately wounded.
Snorg bites you! You block Snorg's attack. Snorg closely misses you.
You claw Snorg!
Snorg is moderately wounded.
Snorg bites you but does no damage. Snorg closely misses you. Snorg claws you!
You barely miss Snorg.
Snorg is moderately wounded.
Snorg goes berserk!
Snorg bites you!! You block Snorg's attack. Snorg claws you! Snorg bites you!!
You block Snorg's attack. x2
You climb upwards.
Level annotation: exclusions: 3 doors, ugly thing and 12 more exclusions
There is a stone staircase leading down here.
You are too injured to fight recklessly!
You mangle Snorg!!
Snorg is heavily wounded.
Snorg closely misses you. Snorg claws you! You block Snorg's attack.
You mangle Snorg!!
Snorg is heavily wounded.
You block Snorg's attack. x3; Snorg bites you!!
Snorg closely misses you. Snorg claws you!
You mangle Snorg!!
Snorg is severely wounded.
Snorg bites you! You block Snorg's attack. Snorg claws you!!
* * * LOW HITPOINT WARNING * * *
You are healed.
You block Snorg's attack. x2; Snorg claws you!
You scratch Snorg.
Snorg is severely wounded.
Snorg bites you!!
* * * LOW HITPOINT WARNING * * *
Snorg claws you!
* * * LOW HITPOINT WARNING * * *
Snorg closely misses you. Snorg bites you!!
You die...

##....####..[.#.#
#.#)#
##.....#####.#.#.....#
#...........+.'.....#
##...........#.#.....#
#...(..#####.#.# #)#[#
#.......# ##.#.# #
##......###..#..
####....#...###
#......#@..#
##.......T.#
#..#......#
####......# .#
#.......'...# .
###.....##.####.#
#.....# [..#. #.....#
#.. #.....# #.#


You could see Snorg (berserk).

Vanquished Creatures
  2 boulder beetles
  A death knight (D:10)
  2 catoblepae
  14 death yaks
  A two-headed ogre (D:10)
  A deep troll shaman (Lair:6)
  Urug (Lair:5)
  2 lindwurms (Lair:6)
  An orc knight (D:10)
  An ugly thing (D:10)
  2 cyclopes
  A manticore (D:10)
  8 elephants
  3 black mambas
  2 merfolk sirens (Lair:2)
  13 cane toads
  A gargoyle (D:11)
  11 komodo dragons
  A kobold demonologist (D:11)
  3 rime drakes
  3 trolls
  3 hornets
  2 merfolk (Lair:2)
  3 polar bears
  28 blink frogs
  Sigmund (D:2)
  2 wraiths (D:10)
  6 wyverns
  4 fire bats (D:9)
  5 basilisks
  26 yaks
  4 vampire mosquitoes
  An acid dragon (D:10)
  3 nagas (Lair:3)
  20 water moccasins
  A hell hound (D:9)
  2 ice beasts
  6 black bears
  8 orc warriors
  A hornet zombie (D:7)
  2 sky beasts
  4 centaurs
  2 ogres (D:7)
  14 wolves
  20 bullfrogs
  3 gnoll sergeants
  A scorpion (D:4)
  2 water moccasin skeletons
  3 killer bees (D:10)
  3 wights (D:8)
  5 howler monkeys
  An electric eel (Lair:3)
  5 centaur zombies
  14 jellies
  Crazy Yiuf (D:2)
  4 hounds
  9 orc priests
  3 bullfrog skeletons (D:5)
  A centaur skeleton (D:5)
  6 iguanas
  Ijyb (D:3)
  3 orc wizards
  A killer bee zombie (D:8)
  A hound skeleton (D:4)
  2 howler monkey zombies
  11 gnolls
  7 adders
  A shadow imp (D:7)
  2 white imps
  An ufetubus (D:5)
  4 worms
  4 dart slugs
  35 orcs
  7 ball pythons
  7 bats
  5 endoplasms
  5 giant cockroaches
  7 goblins
  6 hobgoblins
  11 jackals
  6 quokkas
  3 frilled lizards
  5 kobolds
  4 rats (D:1)
442 creatures vanquished.

Vanquished Creatures (collateral kills)
  5 elephants (Lair:5)
  A bullfrog (Lair:5)
  A jelly (Lair:5)
7 creatures vanquished.

Vanquished Creatures (others)
  A yak (Lair:4)
  A jackal (D:3)
  55 fungi
  67 plants
124 creatures vanquished.

Grand Total: 573 creatures vanquished

Notes
Turn   | Place    | Note
-------+----------+-------------------------------------------
     0 | D:1      | Ezendos the Troll Brigand began the quest for the Orb.
     0 | D:1      | Reached XP level 1. HP: 19/19 MP: 0/0
    74 | D:1      | Reached XP level 2. HP: 28/28 MP: 1/1
   181 | D:1      | Found a faded altar of an unknown god.
   241 | D:1      | Found Zigenuf's Antique Armour Shop.
   460 | D:1      | Reached XP level 3. HP: 36/36 MP: 2/2
   831 | D:2      | Noticed Sigmund
   917 | D:2      | You fall into a shaft and drop 1 floor!
   989 | D:3      | Found a shimmering altar of Xom.
  1083 | D:3      | You fall into a shaft and drop 1 floor!
  1180 | D:4      | Reached skill level 1 in Unarmed Combat
  1180 | D:4      | Reached XP level 4. HP: 48/48 MP: 3/3
  1322 | D:4      | Reached XP level 5. HP: 54/54 MP: 4/4
  1351 | D:4      | Noticed an ice beast
  1952 | D:2      | Killed Sigmund
  1953 | D:2      | Reached skill level 5 in Fighting
  1953 | D:2      | Reached XP level 6. HP: 46/66 MP: 5/5
  2278 | D:2      | Found a runed translucent door.
  2279 | D:2      | Noticed Crazy Yiuf
  2416 | D:2      | Killed Crazy Yiuf
  2487 | D:3      | Noticed Ijyb
  2498 | D:3      | Killed Ijyb
  2595 | D:3      | Found an iron altar of Okawaru.
  2810 | D:3      | Reached skill level 1 in Dodging
  3021 | D:4      | Found Hueq's Antique Armour Shop.
  3112 | D:4      | Found a hide-covered altar of Uskayaw.
  3174 | D:3      | Reached XP level 7. HP: 72/72 MP: 6/6
  3211 | D:3      | Reached skill level 1 in Armour
  3501 | D:5      | Entered Level 5 of the Dungeon
  3521 | D:5      | Reached skill level 1 in Shields
  3581 | D:5      | Found a sparkling altar of Nemelex Xobeh.
  3678 | D:5      | Found Gozag's Platinum Reserve.
  3774 | D:5      | Reached XP level 8. HP: 83/83 MP: 7/7
  3885 | D:5      | Found an opulent altar of Gozag.
  3926 | D:5      | Found a blossoming altar of Fedhas.
  4548 | D:5      | Reached skill level 5 in Unarmed Combat
  4607 | D:5      | Reached XP level 9. HP: 92/92 MP: 8/8
  4795 | D:6      | Found a stormy altar of Qazlal.
  4852 | D:6      | Found a staircase to the Ecumenical Temple.
  4930 | Temple   | Entered the Ecumenical Temple
  5465 | Temple   | Became a worshipper of Elyvilon the Healer
  6022 | D:7      | Reached skill level 5 in Shields
  6162 | D:8      | Reached * piety under Elyvilon
  6193 | D:8      | Found a sacrificial altar of Ru.
  6287 | D:8      | Reached XP level 10. HP: 103/103 MP: 9/9
  7011 | D:8      | Found a burning altar of Makhleb.
  7121 | D:9      | Found a radiant altar of Vehumet.
  7125 | D:9      | Found a glowing golden altar of the Shining One.
  7186 | D:9      | Found a hazy altar of Hepliaklqana.
  7561 | D:9      | Found a staircase to the Lair.
  7567 | D:9      | Reached ** piety under Elyvilon
  8083 | Lair:1   | Entered Level 1 of the Lair of Beasts
  8174 | Lair:1   | Reached XP level 11. HP: 90/115 MP: 10/10
  8207 | D:10     | Entered Level 10 of the Dungeon
  8220 | Lair:1   | Noticed a seven-headed hydra
  8276 | D:10     | Identified the +0 cloak of a treasure trove {rC+}
  8832 | D:10     | Found a shadowy altar of Dithmenos.
  8897 | D:10     | Reached *** piety under Elyvilon
  9545 | Lair:1   | Reached skill level 1 in Invocations
  9788 | Lair:1   | You fall into a shaft and drop 1 floor!
  9832 | Lair:2   | Reached skill level 5 in Invocations
  9942 | Lair:2   | Found a staircase to the Shoals.
 10174 | Lair:2   | Reached **** piety under Elyvilon
 10297 | Lair:2   | Reached skill level 10 in Unarmed Combat
 10297 | Lair:2   | Reached XP level 12. HP: 107/126 MP: 14/14
 11110 | Lair:2   | Found a runed translucent gate.
 11110 | Lair:2   | Found a runed translucent gate.
 11110 | Lair:2   | Found a runed translucent gate.
 11112 | Lair:2   | Noticed Xenophilius's ghost (journeyman VSIE)
 11365 | Lair:3   | Reached ***** piety under Elyvilon
 11412 | Lair:3   | Found a staircase to the Snake Pit.
 11632 | Lair:3   | Reached skill level 10 in Fighting
 11913 | Lair:3   | Reached skill level 5 in Dodging
 11981 | Lair:3   | Noticed a six-headed hydra
 11982 | Lair:3   | Pacified a six-headed hydra
 12320 | Lair:4   | Identified the +0 robe of the Blessed Realm {Harm rCorr
                  | Str-5 Int+2}
 12352 | Lair:4   | Noticed a six-headed hydra
 12357 | Lair:4   | Pacified a six-headed hydra
 12598 | Lair:4   | Noticed an eight-headed hydra
 12603 | Lair:4   | Pacified an eight-headed hydra
 12673 | Lair:4   | You fall into a shaft and drop 1 floor!
 12711 | Lair:5   | Noticed a death yak
 12720 | Lair:5   | Noticed a death yak
 12721 | Lair:5   | Noticed a death yak
 12721 | Lair:5   | Noticed a death yak
 12732 | Lair:5   | Killed a death yak
 12736 | Lair:5   | Noticed a death yak
 12743 | Lair:4   | Noticed a seven-headed hydra
 12749 | Lair:4   | Pacified a seven-headed hydra
 12750 | Lair:4   | Reached XP level 13. HP: 115/135 MP: 8/15
 13783 | Lair:5   | Found a staircase to the Slime Pits.
 13805 | Slime:1  | Entered Level 1 of the Pits of Slime
 13807 | Slime:1  | Noticed a quicksilver ooze
 14109 | Lair:6   | Entered Level 6 of the Lair of Beasts
 14152 | Lair:6   | Noticed Urug
 14183 | Lair:5   | Killed Urug
 14996 | Lair:6   | Reached XP level 14. HP: 119/149 MP: 17/17
 15893 | D:11     | Found Aleebed's Jewellery Emporium.
 15896 | D:11     | Bought a ring of poison resistance for 300 gold pieces
 16128 | D:10     | Paralysed by a hornet for 2 turns
 16655 | D:10     | Found a shadowy altar of Dithmenos.
 17009 | D:11     | Identified the +2 hand crossbow of Abbuer {penet, rElec
                  | Str+2 Int+4 Dex+4}
 17322 | D:11     | Identified the +6 longbow of Deboboudgh {speed, Fragile
                  | +Blink rN+++ Stlth-}
 17351 | D:11     | Found a glowing silver altar of Zin.
 17491 | D:11     | Identified the ring "Loeti" {rF+ Str+3 Slay+4}
 17666 | D:12     | Noticed Snorg
 17808 | D:11     | Mangled by Snorg

Illustrated notes

Levels and vault maps discovered:
D:1:      minmay_arrival_plants_in_alcoves, layout_basic, serial_shops, shop,
          dilly_ecumenical_altar_fadedgnrine, minivault_25
D:2:      layout_basic, uniq_sigmund, uniq_crazy_yiuf_cottage
D:3:      layout_loops_ring, xom_confusion_cloud,
          mainiacjoe_overflow_tiny_flanked, uniq_ijyb
D:4:      layout_gridville, nicolae_uskayaw_dance_hall, serial_co_window_serial,
          co_window_paths_a, co_window_paths_b, co_window_paths_a,
          co_window_corner_a, co_window_corner_a, co_window_corner_b,
          co_window_broadway_a, co_window_of_opportunity_c,
          co_window_of_opportunity_b, co_window_broadway_c, glass_columns_a,
          glass_columns_a, glass_columns_a, glass_columns_b, serial_shops, shop
D:5:      layout_basic, nicolae_gozag_zags_fifth_avenue,
          nemelex_xobeh_ov_fountains_minmay, fedhas_altar_4
D:6:      layout_cave_pools, grunt_qazlal_sundering,
          minmay_temple_entry_antechambers
D:7:      layout_rooms
D:8:      layout_basic, kennysheep_mini_moat, old_standard_altar,
          lightli_minifort
D:9:      layout_loops_ring, mainiacjoe_overflow_cross_hatched,
          mainiacjoe_overflow_catwalk_spiral, minmay_lair_entry_grove,
          hangedman_incinerator
D:10:     layout_basic, grunt_dithmenos_smoke_and_mirrors
D:11:     minmay_the_grid_4x2 [minmay_the_grid_dragon_b,
          minmay_the_grid_large_cup, minmay_the_grid_armoury,
          minmay_the_grid_medium_cups, minmay_the_grid_minigrid_medium,
          minmay_the_grid_plusring, minmay_the_grid_embedded,
          minmay_the_grid_prize_four_corners_diamond_b], layout_cave_pools,
          orc_0_dummy, serial_shops, kennysheep_mini, zin_academy
D:12:     layout_rooms, uniq_snorg
Temple:   jpeg_temple_island
Lair:1:   layout_regular_city, grunt_megastairs_1
Lair:2:   layout_gridlike, elwin_shoals_entry_stream, ebering_ghost_rock_garden,
          lemuel_old_faithful
Lair:3:   layout_regular_city, minmay_snake_entry_guardpost_small,
          serial_bayou_shore_a, infiniplex_staircase_pool_2, lemuel_fruit_fields
Lair:4:   layout_loops_ring
Lair:5:   layout_cave_shapes, minmay_slime_entry_jelly_boxes, minivault_27,
          chequers_serial_rivers_micro_c
Lair:6:   grunt_lair_end_beastmaster, layout_gridlike, grunt_megastairs_5,
          uniq_urug
Slime:1:  layout_caves

Skill      XL: |  1  2  3  4  5  6  7  8  9 10 11 12 13 14 |
---------------+-------------------------------------------+-----
Fighting       | 2 3 4 5 6 7 9 10 12 | 12.5
Unarmed Combat | 1 2 3 4 5 7 9 10 11 12 | 12.9
Dodging        | 1 2 3 5 6 |  6.3
Armour         | 2 3 4 |  4.5
Shields        | 1 3 5 6 7 9 |  9.1
Invocations    | 5 6 |  6.7
Throwing       | 2 |  2.8
Short Blades   | |  1.5
Stealth        | |  2.1

Action                   |  1- 3 |  4- 6 |  7- 9 | 10-12 | 13-15 || total
-------------------------+-------+-------+-------+-------+-------++-------
Melee: Unarmed           |   141 |   128 |   282 |   561 |   639 ||  1751
       Punch             |       |     1 |       |       |       ||     1
Throw: Dart              |       |     5 |       |       |       ||     5
       Boomerang         |       |       |       |     4 |     4 ||     8
Invok: Heal Other        |       |       |       |    10 |     8 ||    18
       Greater Healing   |       |       |       |       |     2 ||     2
       Lesser Healing    |       |       |       |       |     1 ||     1
       Purification      |       |       |       |       |     1 ||     1
Evoke: Wand              |       |       |       |     2 |       ||     2
  Use: Scroll            |     3 |     2 |     5 |     8 |     6 ||    24
       Potion            |       |       |     1 |       |     1 ||     2
 Stab: Sleeping          |     8 |     2 |     2 |     1 |     1 ||    14
       Confused          |     1 |       |       |       |       ||     1
       Distracted        |       |       |       |     1 |       ||     1
       Petrified         |       |       |       |       |     5 ||     5
Armor: Robe              |    85 |    36 |    67 |    80 |    79 ||   347
       Skin              |       |     1 |       |       |       ||     1
       Acid dragon scale |       |       |       |   110 |       ||   110
Dodge: Dodged            |   103 |    66 |    96 |   212 |   197 ||   674
Block: Kite shield       |       |       |   127 |   293 |   179 ||   599
       Tower shield      |       |       |       |       |   243 ||   243

Table legend: (Time is in decaauts)
 A = Elapsed time spent in this place.
 B = Non-inter-level travel time spent in this place.
 C = Inter-level travel time spent in this place.
 D = Time resting spent in this place.
 E = Time spent auto-exploring this place.
 F = Levels seen in this place.
 G = Mean time per level.
                   A        B        C        D        E       F      G
               +--------+--------+--------+--------+--------+-----+--------+
         Total |  17784 |  16440 |   1344 |    700 |  10298 |  20 |  889.2 |
       Dungeon |  11087 |  10112 |    975 |    480 |   6471 |  12 |  923.9 |
        Temple |    368 |    317 |     51 |      0 |    289 |   1 |  368.0 |
          Lair |   6322 |   6006 |    316 |    220 |   3538 |   6 | 1053.7 |
    Slime Pits |      5 |      5 |      0 |      0 |      0 |   1 |    5.0 |
               +--------+--------+--------+--------+--------+-----+--------+

Top non-repeatable levels by time:
    D:10: 2216 daAuts
  Lair:6: 1416 daAuts
     D:4: 1142 daAuts
     D:5: 1132 daAuts
  Lair:4: 1132 daAuts
     D:8: 1127 daAuts
     D:9: 1117 daAuts
  Lair:3: 1022 daAuts
  Lair:1: 1012 daAuts
  Lair:2: 1005 daAuts
     D:2: 824 daAuts
     D:1: 817 daAuts
  Lair:5: 734 daAuts
     D:3: 718 daAuts
    D:11: 671 daAuts
